 Dungeon Crawl Stone Soup version 0.31-a0-188-g5e087ee2ca (webtiles) character file.

Game seed: 13786533326771791702

2711 qw the Markself (level 9, -13/51 HPs)
             Began as a Deep Elf Hunter on June 22, 2023.
             Killed from afar by an acid dragon (36 damage)
             ... with a splash of acid
             ... on level 8 of the Dungeon.
             The game lasted 00:03:00 (6604 turns).

qw the Markself (Deep Elf Hunter)                   Turns: 6604, Time: 00:03:01

Health: -13/51     AC: 10    Str: 16    XL:     9   Next: 39%
Magic:  11/11      EV: 16    Int: 15    God:
Gold:   363        SH:  0    Dex: 20    Spells: 8/8 levels left

rFire   . . .        Y - +0 orcbow
rCold   + . .        (shield currently unavailable)
rNeg    . . .        e - +2 leather armour {rC+}
rPois   .            f - +0 helmet
rElec   .            (no cloak)
rCorr   .            q - +0 pair of gloves
SInv    .            d - +2 pair of boots
Will    .....        (no amulet)
Stlth   ++           m - +6 ring of strength
HPRegen 0.28/turn    (no ring)
MPRegen 0.12/turn

%: no passive effects
@: no status effects
A: no striking features
a: no special abilities


You were on level 8 of the Dungeon.
You visited 2 branches of the dungeon, and saw 9 of its levels.

You collected 363 gold pieces.


   Skills:
 - Level 3.3 Fighting
 - Level 15.2 Ranged Weapons
 - Level 1.0 Armour
 + Level 6.4 Dodging
 - Level 1.2 Stealth


You had 8 spell levels left.
You didn't know any spells.
Your spell library was empty.

Inventory:

Hand Weapons
 Y - a +0 orcbow (weapon)
Armour
 c - the +2 leather armour of Isinoips {rN+++ rCorr Stlth-}
   (You found it on level 7 of the Dungeon)

   rN:        It renders you almost immune to negative energy.
   rCorr:     It protects you from acid and corrosion.
   Stlth:     It makes you less stealthy.
 d - a +2 pair of boots (worn)
 e - a +2 leather armour of cold resistance (worn)
 f - a +0 helmet (worn)
 g - a +1 ring mail
 q - a +0 pair of gloves (worn)
Jewellery
 j - a ring of ice
 m - a +6 ring of strength (left hand)
Wands
 l - a wand of digging (5)
Scrolls
 a - 5 scrolls of identify
Potions
 b - 2 potions of might
 h - a potion of haste
 i - a potion of curing
 k - a potion of cancellation
 n - 2 potions of heal wounds

Dungeon Overview and Level Annotations

Branches:
Dungeon (8/15)             Temple (1/1) D:7
   Lair: D:8-11

Altars:
Elyvilon
Fedhas
Gozag
Hepliaklqana
Kikubaaqudgha
Nemelex Xobeh
Qazlal
Ru
Sif Muna
Trog
Uskayaw
Vehumet
Wu Jian
Xom
Yredelemnul
The Shining One

Shops:
D:8 :

Annotations:
D:3 3 runed translucent doors, qw's ghost, amateur DEHu
D:5 2 transporters, qw's ghost, novice DEHu


Message History

Found a spear.
Enter note: You shoot an arrow.
The arrow hits the sky beast!
The sky beast is moderately wounded.
You shoot an arrow. The arrow hits the sky beast!
The sky beast is severely wounded.
You shoot an arrow. The arrow hits the sky beast.
The sky beast is severely wounded.
You shoot an arrow. The arrow closely misses the sky beast.
You shoot an arrow.
The arrow hits the sky beast but does no damage.
The sky beast is severely wounded.
The sky beast flickers out of sight!
Deactivating autopickup; reactivate with Ctrl-A.
You shoot an arrow. The arrow hits the acid dragon!
The acid dragon roars!
The acid dragon is severely wounded.
The acid dragon spits acid at you. The splash of acid hits you!!
6599 ||| FLEEEEING.
Something hits you. Something shocks you.
A sky beast appears from thin air!
Reactivating autopickup.
You shoot an arrow.
The arrow hits the sky beast but does no damage.
The sky beast is severely wounded.
The sky beast closely misses you.
You shoot an arrow. The arrow closely misses the sky beast.
The arrow hits the acid dragon but does no damage.
The acid dragon is heavily wounded.
The sky beast closely misses you.
You shoot an arrow. The arrow closely misses the sky beast.
The arrow barely misses the acid dragon.
You shoot an arrow. The arrow hits the sky beast.
You kill the sky beast!
You shoot an arrow. The arrow hits the acid dragon!
The acid dragon is almost dead.
The acid dragon spits acid at you. The splash of acid hits you!!!
Ouch! That really hurt!
You die...

#..#..
###.\..#
#.)...##
#######.###..#
#.......# ##..
##.####### ##%
##..# #.
####.#####..##
#.
....D..%@..##
#.
....#.######
#. . .. #. )..
#. ... ## .. #


You could see an acid dragon (catching breath).

Vanquished Creatures
  Sigmund (D:5)
  A wyvern (D:8)
  Edmund (D:5)
  A sky beast (D:8)
  An ice beast (D:5)
  A black bear (D:7)
  3 ogres
  3 centaurs
  3 kobold brigands
  A bullfrog (D:6)
  5 scorpions
  3 wights (D:7)
  3 jellies
  2 orc priests
  A hound (D:5)
  2 gnoll boudas (D:6)
  5 iguanas
  An orc wizard (D:4)
  18 gnolls
  10 adders
  A shadow imp (D:7)
  2 ufetubi
  7 dart slugs
  2 worms
  25 orcs
  3 ball pythons (D:3)
  4 bats
  3 endoplasms
  A giant cockroach (D:2)
  8 goblins
  11 hobgoblins
  4 jackals (D:2)
  3 quokkas
  2 frilled lizards
  21 kobolds
  6 rats
169 creatures vanquished.

Notes
Turn   | Place    | Note
-------+----------+-------------------------------------------
     0 | D:1      | qw the Deep Elf Hunter began the quest for the Orb.
     0 | D:1      | Reached XP level 1. HP: 12/12 MP: 3/3
     0 | D:1      | 0 ||| qw: Version: 0.3-a-9-g12657ce
     0 | D:1      | 0 ||| qw: Game counter: 2785
     0 | D:1      | 0 ||| qw: Always use a shield: true
     0 | D:1      | 0 ||| qw: God list: Okawaru
     0 | D:1      | 0 ||| qw: Allow faded altars: false
     0 | D:1      | 0 ||| qw: Do Orc after D:15 true
     0 | D:1      | 0 ||| qw: Do second Lair branch before Depths: true
     0 | D:1      | 0 ||| qw: Lair rune preference: random
     0 | D:1      | 0 ||| qw: Plans: Normal
     0 | D:1      | 0 ||| PLANNING D:1-11
   311 | D:1      | Reached skill level 6 in Ranged Weapons
   311 | D:1      | Reached XP level 2. HP: 16/16 MP: 4/4
   668 | D:1      | 668 ||| UPGRADING to +0 pair of boots.
   673 | D:1      | 673 ||| READING 4 scrolls labelled RESCHO BIGEXT.
   674 | D:1      | 674 ||| READING scroll labelled NIHUIN CIUSOA.
   675 | D:1      | 675 ||| READING scroll labelled EHEFRUU HUTE.
   678 | D:1      | 678 ||| READING 3 scrolls of identify.
   678 | D:1      | 678 ||| IDENTIFYING fuming inky potion
   679 | D:1      | 679 ||| DROPPING scroll of butterflies.
   680 | D:1      | 680 ||| DROPPING potion of lignification.
   811 | D:2      | Reached XP level 3. HP: 20/20 MP: 5/5
   914 | D:2      | Reached skill level 7 in Ranged Weapons
  1080 | D:2      | Reached XP level 4. HP: 25/25 MP: 6/6
  1357 | D:2      | 1357 ||| READING scroll labelled FIJICIYNIMP.
  1358 | D:2      | 1358 ||| DRINKING 3 lumpy coppery potions.
  1359 | D:2      | 1359 ||| READING 3 scrolls of identify.
  1359 | D:2      | 1359 ||| IDENTIFYING bubbling grey potion
  1406 | D:3      | Found a runed translucent gate.
  1407 | D:3      | Found a runed translucent gate.
  1407 | D:3      | Found a runed translucent gate.
  1408 | D:3      | Found an opulent altar of Gozag.
  1409 | D:3      | Noticed qw's ghost (amateur DEHu)
  1410 | D:3      | Noticed a scorpion
  1447 | D:3      | 1447 ||| FLEEEEING.
  1448 | D:3      | 1448 ||| FLEEEEING.
  1449 | D:3      | 1449 ||| FLEEEEING.
  1450 | D:3      | 1450 ||| FLEEEEING.
  1451 | D:3      | 1451 ||| FLEEEEING.
  1452 | D:3      | 1452 ||| FLEEEEING.
  1453 | D:3      | 1453 ||| FLEEEEING.
  1454 | D:3      | 1454 ||| FLEEEEING.
  1455 | D:3      | 1455 ||| FLEEEEING.
  1456 | D:3      | 1456 ||| FLEEEEING.
  1457 | D:3      | 1457 ||| FLEEEEING.
  1458 | D:3      | 1458 ||| FLEEEEING.
  1459 | D:3      | 1459 ||| FLEEEEING.
  1460 | D:3      | 1460 ||| FLEEEEING.
  1461 | D:3      | 1461 ||| FLEEEEING.
  1462 | D:3      | 1462 ||| FLEEEEING.
  1463 | D:3      | 1463 ||| FLEEEEING.
  1464 | D:3      | 1464 ||| FLEEEEING.
  1465 | D:3      | 1465 ||| FLEEEEING.
  1467 | D:3      | 1467 ||| FLEEEEING.
  1468 | D:3      | 1468 ||| FLEEEEING.
  1469 | D:3      | 1469 ||| FLEEEEING.
  1519 | D:3      | Reached skill level 8 in Ranged Weapons
  1777 | D:3      | Found the +6 shillelagh "Devastator" {shatter}
  1799 | D:3      | 1799 ||| FLEEEEING.
  1800 | D:3      | 1800 ||| FLEEEEING.
  1808 | D:3      | 1808 ||| STAIRDANCE
  1852 | D:2      | 1852 ||| UPGRADING to +0 ring mail.
  1862 | D:2      | 1862 ||| DROPPING +0 leather armour.
  1863 | D:2      | 1863 ||| DRINKING 2 red potions.
  1885 | D:3      | 1885 ||| READING scroll of enchant armour.
  1885 | D:3      | 1885 ||| ENCHANTING +0 pair of boots.
  2099 | D:3      | Found a hide-covered altar of Uskayaw.
  2309 | D:3      | 2309 ||| READING scroll labelled CUUBIN DIMYJE.
  2310 | D:3      | 2310 ||| READING scroll labelled QAOVVUZX RIFOS.
  2311 | D:3      | 2311 ||| READING scroll labelled HUZAAW RYNONO.
  2312 | D:3      | 2312 ||| DRINKING 2 murky golden potions.
  2313 | D:3      | 2313 ||| READING 3 scrolls of identify.
  2313 | D:3      | 2313 ||| IDENTIFYING dark potion
  2325 | D:4      | 2325 ||| READING scroll of enchant armour.
  2325 | D:4      | 2325 ||| ENCHANTING +1 pair of boots.
  2340 | D:4      | Noticed a scorpion
  2346 | D:4      | Killed a scorpion
  2347 | D:4      | Reached XP level 5. HP: 29/29 MP: 7/7
  2379 | D:4      | Noticed an ogre
  2387 | D:4      | Killed an ogre
  2388 | D:4      | Reached skill level 9 in Ranged Weapons
  2388 | D:4      | Reached XP level 6. HP: 11/34 MP: 8/8
  2626 | D:4      | Reached skill level 10 in Ranged Weapons
  2632 | D:4      | 2632 ||| FLEEEEING.
  2633 | D:4      | 2633 ||| FLEEEEING.
  2730 | D:4      | Reached skill level 3 in Dodging
  2861 | D:4      | Reached XP level 7. HP: 40/40 MP: 9/9
  2946 | D:4      | 2946 ||| READING scroll of enchant armour.
  2946 | D:4      | 2946 ||| ENCHANTING +0 ring mail.
  3002 | D:4      | Reached skill level 1 in Armour
  3151 | D:4      | 3151 ||| DROPPING +2 pair of boots of rampaging.
  3152 | D:4      | 3152 ||| UPGRADING to +6 ring of strength.
  3153 | D:4      | 3153 ||| READING scroll labelled UVEICU MOOLUSAUS.
  3154 | D:4      | 3154 ||| READING scroll labelled EZAITI SESKEDD.
  3178 | D:5      | Entered Level 5 of the Dungeon
  3422 | D:5      | 3422 ||| READING scroll labelled YLOICW SIFA.
  3422 | D:5      | Identified a scroll of acquirement
  3422 | D:5      | 3422 ||| ACQUIRING +1 shortbow of electrocution
  3422 | D:5      | Acquired a +1 shortbow of electrocution
  3424 | D:5      | 3424 ||| SWAPPING to +1 shortbow of electrocution.
  3425 | D:5      | 3425 ||| DROPPING +0 heavy shortbow.
  3444 | D:5      | Noticed qw's ghost (novice DEHu)
  3454 | D:5      | Found a transporter.
  3456 | D:5      | Reached skill level 11 in Ranged Weapons
  3476 | D:5      | Found a transporter.
  3734 | D:5      | HP: 9/40 [something (7)]
  3735 | D:5      | 3735 ||| READING scroll of teleportation.
  3736 | D:5      | 3736 ||| DRINKING 2 potions of heal wounds.
  4243 | D:5      | Noticed Sigmund
  4244 | D:5      | 4244 ||| Stepping ~*~*~tactically~*~*~ (outnumbered).
  4257 | D:5      | Killed Sigmund
  4258 | D:5      | Reached skill level 12 in Ranged Weapons
  4258 | D:5      | Reached XP level 8. HP: 45/45 MP: 10/10
  4271 | D:5      | Noticed Edmund
  4276 | D:5      | Killed Edmund
  4277 | D:5      | Reached skill level 3 in Fighting
  4283 | D:5      | 4283 ||| UPGRADING to +2 leather armour of cold resistance.
  4293 | D:5      | 4293 ||| READING 2 scrolls labelled ZAQUIN KOVI.
  4294 | D:5      | 4294 ||| READING 5 scrolls of identify.
  4294 | D:5      | 4294 ||| IDENTIFYING cyan potion
  4295 | D:5      | 4295 ||| DROPPING potion of attraction.
  4296 | D:5      | 4296 ||| DROPPING scroll of fear.
  4534 | D:6      | 4534 ||| SWAPPING to +0 orcbow.
  4535 | D:6      | 4535 ||| DROPPING +1 shortbow of electrocution.
  4710 | D:6      | 4710 ||| Stepping ~*~*~tactically~*~*~ (outnumbered).
  4712 | D:6      | 4712 ||| Stepping ~*~*~tactically~*~*~ (outnumbered).
  4893 | D:6      | Found a bloodstained altar of Trog.
  4893 | D:6      | Found a shimmering altar of Xom.
  4968 | D:6      | Reached skill level 13 in Ranged Weapons
  5006 | D:6      | HP: 10/46 [gnoll/+0 whip[a gnoll bouda] (4)]
  5007 | D:6      | 5007 ||| READING scroll of teleportation.
  5008 | D:6      | 5008 ||| DRINKING potion of heal wounds.
  5337 | D:6      | 5337 ||| UPGRADING to +0 pair of gloves.
  5342 | D:6      | 5342 ||| DROPPING ring of flight.
  5343 | D:6      | 5343 ||| READING 2 scrolls labelled PEZ VIULOERCH.
  5344 | D:6      | 5344 ||| DROPPING scroll of blinking.
  5380 | D:7      | Found a flagged portal.
  5534 | D:7      | Reached skill level 14 in Ranged Weapons
  5549 | D:7      | Reached XP level 9. HP: 27/48 MP: 11/11
  5550 | D:7      | HP: 11/48 [wight/+1 battleaxe (15)]
  5556 | D:7      | HP: 3/49 [iguana (5)]
  5565 | D:7      | Reached skill level 6 in Dodging
  5566 | D:7      | 5566 ||| FLEEEEING.
  5605 | D:7      | 5605 ||| FLEEEEING.
  5606 | D:7      | 5606 ||| FLEEEEING.
  5607 | D:7      | 5607 ||| FLEEEEING.
  5673 | D:7      | 5673 ||| FLEEEEING.
  5674 | D:7      | 5674 ||| FLEEEEING.
  5675 | D:7      | 5675 ||| FLEEEEING.
  5676 | D:7      | 5676 ||| FLEEEEING.
  5677 | D:7      | 5677 ||| FLEEEEING.
  5679 | D:7      | 5679 ||| STAIRDANCE
  5781 | D:7      | Identified the +2 leather armour of Isinoips {rN+++ rCorr
                  | Stlth-}
  5814 | D:7      | Found a staircase to the Ecumenical Temple.
  5815 | D:7      | 5815 ||| PLANNING TEMPLE
  5825 | Temple   | Entered the Ecumenical Temple
  6029 | Temple   | 6029 ||| PLANNING D:1-11
  6259 | D:7      | 6259 ||| Stepping ~*~*~tactically~*~*~ (water).
  6261 | D:7      | 6261 ||| Stepping ~*~*~tactically~*~*~ (outnumbered).
  6262 | D:7      | 6262 ||| Stepping ~*~*~tactically~*~*~ (outnumbered).
  6302 | D:7      | 6302 ||| Stepping ~*~*~tactically~*~*~ (water).
  6313 | D:7      | 6313 ||| DROPPING +6 ring of intelligence.
  6390 | D:8      | 6390 ||| Stepping ~*~*~tactically~*~*~ (outnumbered).
  6457 | D:8      | 6457 ||| FLEEEEING.
  6458 | D:8      | 6458 ||| FLEEEEING.
  6459 | D:8      | 6459 ||| FLEEEEING.
  6460 | D:8      | 6460 ||| FLEEEEING.
  6462 | D:8      | 6462 ||| FLEEEEING.
  6463 | D:8      | 6463 ||| FLEEEEING.
  6464 | D:8      | 6464 ||| FLEEEEING.
  6472 | D:8      | 6472 ||| FLEEEEING.
  6476 | D:8      | 6476 ||| FLEEEEING.
  6477 | D:8      | 6477 ||| FLEEEEING.
  6478 | D:8      | 6478 ||| FLEEEEING.
  6479 | D:8      | 6479 ||| FLEEEEING.
  6480 | D:8      | 6480 ||| FLEEEEING.
  6481 | D:8      | 6481 ||| FLEEEEING.
  6482 | D:8      | 6482 ||| FLEEEEING.
  6483 | D:8      | 6483 ||| FLEEEEING.
  6484 | D:8      | 6484 ||| FLEEEEING.
  6485 | D:8      | 6485 ||| FLEEEEING.
  6488 | D:8      | 6488 ||| FLEEEEING.
  6489 | D:8      | 6489 ||| FLEEEEING.
  6490 | D:8      | 6490 ||| STAIRDANCE
  6533 | D:7      | 6533 ||| UPGRADING to +0 helmet.
  6555 | D:8      | Found Gaidocwa's Book Emporium.
  6563 | D:8      | Reached skill level 15 in Ranged Weapons
  6599 | D:8      | 6599 ||| FLEEEEING.
  6604 | D:8      | Killed from afar by an acid dragon

Levels and vault maps discovered:
D:1:      dpeg_arrival_ternary, layout_loops_ring
D:2:      layout_loops_ring
D:3:      layout_loops_corners, nicolae_uskayaw_dance_hall, ebering_ghost_gozag,
          nicolae_the_louvre
D:4:      layout_loops_cross
D:5:      cheibrodos_thug_alley, layout_layer_cave, gammafunk_ghost_stat_death,
          sigmund_edmund_badplayer
D:6:      layout_layer_cave, gammafunk_temple_overflow_pools,
          grunt_decor_junction
D:7:      layout_cave_pools, minmay_temple_entry_butterflies,
          lightli_bailey_entry_fortress
D:8:      layout_rooms, serial_shops, shop, uniq_maggie
Temple:   nicolae_temple_figure_eight

Skill      XL: |  1  2  3  4  5  6  7  8  9 |
---------------+----------------------------+-----
Ranged Weapons | 6 7 8 9 10 12 14 15 | 15.2
Fighting       | 2 3 |  3.3
Dodging        | 3 4 5 6 |  6.4
Armour         | 1 |  1.0
Stealth        | |  1.2

Action                     |  1- 3 |  4- 6 |  7- 9 || total
---------------------------+-------+-------+-------++-------
   Fire: Shortbow          |    85 |   159 |   144 ||   388
         Orcbow            |       |       |   214 ||   214
    Use: Scroll            |     4 |     8 |     9 ||    21
         Potion            |       |     3 |     2 ||     5
 Armour: Leather armour    |     5 |     1 |    15 ||    21
         Ring mail         |       |    14 |    27 ||    41
  Dodge: Dodged            |    19 |    19 |   104 ||   142

Table legend:
 A = Non-vault XP
 B = Vault XP
 C = Vault XP percentage of total XP
 D = Non-vault monster count
 E = Vault monster count
 F = Vault count percentage of total count
                 A         B        C        D         E       F
            +---------+---------+-------+---------+---------+-------
      Total |    3295 |     579 |  14.9 |     148 |      21 |  12.4
            +---------+---------+-------+---------+---------+-------
        D:1 |      23 |       0 |   0.0 |      12 |       0 |   0.0
        D:2 |      76 |       0 |   0.0 |      20 |       0 |   0.0
        D:3 |      75 |       0 |   0.0 |      20 |       0 |   0.0
        D:4 |     597 |       0 |   0.0 |      30 |       0 |   0.0
        D:5 |     492 |     491 |  49.9 |      19 |       9 |  32.1
        D:6 |     774 |       0 |   0.0 |      20 |       0 |   0.0
        D:7 |     583 |      88 |  13.1 |      10 |      12 |  54.5
        D:8 |     675 |       0 |   0.0 |      17 |       0 |   0.0
            +---------+---------+-------+---------+---------+-------
